 Dungeon Crawl Stone Soup version 0.31-a0-95-g6fa058ef04 (webtiles) character file.

Game seed: 2686271886444210733

602 Drazool the Shooter (level 7, 0/47 (50) HPs)
             Began as a Formicid Hunter on May 25, 2023.
             Slain by a black bear (4 damage)
             ... on level 5 of the Dungeon on May 26, 2023.
             The game lasted 00:12:40 (4157 turns).

Drazool the Shooter (Formicid Hunter)               Turns: 4157, Time: 00:12:40

HP:   0/47 (50)     AC:  9    Str: 15    XL:     7   Next: 69%
MP:   7/7           EV: 10    Int:  9    God:
Gold: 260           SH:  0    Dex: 19    Spells: 6/6 levels left

rFire   . . .        a - +0 shortbow
rCold   . . .        (no shield)
rNeg    + . .        d - +1 scale mail {rPois}
rPois   +            (helmet unavailable)
rElec   .            (no cloak)
rCorr   .            (no gloves)
SInv    +            k - +0 pair of boots
Will    .....        (no amulet)
Stlth   +            N - ring of positive energy
HPRegen 0.27/turn    (no ring)
MPRegen 0.10/turn

%: no passive effects
@: drained
A: permanent stasis, dig shafts and tunnels, antennae 3, four strong arms
a: Dig, Shaft Self


You were on level 5 of the Dungeon.
You visited 1 branch of the dungeon, and saw 5 of its levels.

You collected 260 gold pieces.


Innate Abilities, Weirdness & Mutations

You cannot be hasted, slowed, berserked, paralysed or teleported.
You can dig through walls and to a lower floor.
You have a pair of large antennae on your head. (SInv)
Your four strong arms can wield two-handed weapons with a shield.


   Skills:
 - Level 2.1 Fighting
 * Level 7.5 Ranged Weapons
 + Level 4.6 Armour
 - Level 1.7 Dodging
 - Level 1.2 Stealth


You had 6 spell levels left.
You didn't know any spells.
Your spell library contained the following spells:

 Spells                   Type           Power      Damage    Failure   Level
 Sting                    Tmut/Pois      0%         1d3       82%         1
 Airstrike                Air            0%         2d(0-16)  100%        4
 Olgreb's Toxic Radiance  Pois           0%         N/A       100%        4
 Plasma Beam              Fire/Air       0%         2x1d11    100%        6
 Malign Gateway           Summ/Tloc      0%         N/A       100%        7
 Summon Horrible Things   Summ           0%         N/A       100%        8

Inventory:

Hand Weapons
 a - a +0 shortbow (weapon)
Missiles
 p - 2 throwing nets {=f}
Armour
 c - a +0 leather armour
 d - a +1 scale mail of poison resistance (worn)
 k - a +0 pair of boots (worn)
Magical Staves
 m - a staff of air {!a}
Jewellery
 N - a ring of positive energy (left hand)
Wands
 o - a wand of digging (4)
Scrolls
 b - 2 scrolls of immolation
Potions
 e - 2 potions of curing {@q1}
 g - a potion of haste {unknown}
 i - a potion of brilliance {unknown}
 j - 2 potions of mutation
 l - a potion of cancellation {unknown}
 n - a potion of attraction {unknown}

Dungeon Overview and Level Annotations

Branches:
Dungeon (5/15)
 Temple: D:4-7

Altars:
The Shining One

Annotations:
D:4 Eustachio

.##.............#......
.##...#....###..###....
..#.#####..# #..# ....
..<..## #.## #.#
..#...###.# #.###
###...##..# ##..>##
##..###.####?....# .
##.†...#.....##.#....
#..##...#...@.......
####.........h......
#.....##......./..
##................
..............)...
...........$.#..)).
.............#...>.
....##..............


You could see a black bear (berserk).


Message History

The black bear barely misses you. The black bear claws you.
* * * LOW HITPOINT WARNING * * *
The black bear claws you.
* * * LOW HITPOINT WARNING * * *
The black bear barely misses you. x2
The black bear claws you but does no damage.
You shoot an arrow.
The arrow hits the black bear but does no damage.
The black bear is almost dead.
The black bear bites you but does no damage.
The black bear claws you but does no damage. x2
You shoot an arrow.
The arrow completely misses the black bear.
The black bear closely misses you. The black bear claws you.
* * * LOW HITPOINT WARNING * * *
The black bear claws you.
* * * LOW HITPOINT WARNING * * *
The black bear barely misses you. The black bear claws you.
* * * LOW HITPOINT WARNING * * *
The black bear barely misses you.
You shoot an arrow.
The arrow closely misses the black bear.
The black bear barely misses you. The black bear claws you.
* * * LOW HITPOINT WARNING * * *
The black bear claws you.
* * * LOW HITPOINT WARNING * * *
The black bear misses you.
The black bear claws you but does no damage.
The black bear claws you.
You die...

Skill      XL: |  1  2  3  4  5  6  7 |
---------------+----------------------+-----
Armour         | 1 2 3 4 |  4.6
Ranged Weapons | 5 6 7 |  7.5
Fighting       | |  2.1
Dodging        | |  1.7
Stealth        | |  1.2

Action                     |  1- 3 |  4- 6 |  7- 9 || total
---------------------------+-------+-------+-------++-------
   Fire: Shortbow          |   115 |   199 |   196 ||   510
Ability: Dig               |     2 |     1 |     3 ||     6
    Use: Scroll            |     1 |     1 |     2 ||     4
         Potion            |       |       |     2 ||     2
 Armour: Scale mail        |    52 |    41 |   108 ||   201
  Dodge: Dodged            |    54 |    62 |    94 ||   210

Levels and vault maps discovered:
D:1:      nagdon_arrival_zigzag_paths, layout_loops_ring,
          minmay_misc_feat_hallway, minmay_tromino_v4_a
D:2:      layout_basic, kennysheep_generic_room_14
D:3:      layout_loops_cross, general_overflow_altar, kennysheep_generic_room_16
D:4:      layout_gridville, uniq_eustachio, uniq_blork_the_orc
D:5:      layout_cave_pools, lightli_corner_chamber

Notes
Turn   | Place    | Note
-------+----------+-------------------------------------------
     0 | D:1      | Drazool the Formicid Hunter began the quest for the Orb.
     0 | D:1      | Reached XP level 1. HP: 16/16 MP: 1/1
   226 | D:1      | Reached XP level 2. HP: 22/22 MP: 2/2
   257 | D:1      | Reached skill level 1 in Armour
   423 | D:1      | Reached XP level 3. HP: 27/27 MP: 3/3
  1397 | D:2      | Reached XP level 4. HP: 33/33 MP: 4/4
  1409 | D:2      | Reached skill level 5 in Ranged Weapons
  1493 | D:3      | Reached skill level 2 in Armour
  1755 | D:3      | Got Raomeoj's Quarto of Weathered Venom
  2150 | D:3      | Found a glowing golden altar of the Shining One.
  2253 | D:4      | Noticed Eustachio
  2422 | D:4      | Reached XP level 5. HP: 16/38 MP: 5/5
  2711 | D:4      | Reached skill level 6 in Ranged Weapons
  2711 | D:4      | Reached skill level 3 in Armour
  2711 | D:4      | Reached XP level 6. HP: 40/44 MP: 6/6
  2711 | D:4      | Noticed Blork the orc
  2750 | D:4      | Killed Blork the orc
  3014 | D:4      | You fall into a shaft and drop 1 floor!
  3014 | D:5      | Entered Level 5 of the Dungeon
  3072 | D:5      | Noticed an ogre
  3072 | D:5      | Noticed an orc warrior
  3179 | D:5      | HP: 4/43 [poisoned by a gnoll]
  3358 | D:5      | Reached skill level 4 in Armour
  3358 | D:5      | Reached XP level 7. HP: 49/50 MP: 7/7
  3371 | D:5      | Reached skill level 7 in Ranged Weapons
  4157 | D:5      | HP: 4/47 [black bear (3)]
  4157 | D:5      | Slain by a black bear

Vanquished Creatures
  Blork the orc (D:4)
  2 scorpions (D:5)
  A wight (D:5)
  A howler monkey (D:4)
  An orc priest (D:5)
  A gnoll bouda (D:5)
  2 iguanas
  An orc wizard (D:4)
  4 gnolls (D:5)
  5 adders
  3 dart slugs
  7 orcs
  5 ball pythons
  9 bats
  6 endoplasms
  4 giant cockroaches
  4 goblins
  4 hobgoblins
  14 jackals
  4 quokkas
  3 frilled lizards
  9 kobolds
  9 rats
100 creatures vanquished.

Table legend: (Time is in decaauts)
 A = Elapsed time spent in this place.
 B = Non-inter-level travel time spent in this place.
 C = Inter-level travel time spent in this place.
 D = Time resting spent in this place.
 E = Time spent auto-exploring this place.
 F = Levels seen in this place.
 G = Mean time per level.
                   A        B        C        D        E       F      G
               +--------+--------+--------+--------+--------+-----+--------+
         Total |   4309 |   4098 |    211 |    360 |   2682 |   5 |  861.8 |
       Dungeon |   4309 |   4098 |    211 |    360 |   2682 |   5 |  861.8 |
               +--------+--------+--------+--------+--------+-----+--------+

Top non-repeatable levels by time:
     D:4: 1164 daAuts
     D:3: 983 daAuts
     D:1: 925 daAuts
     D:5: 668 daAuts
     D:2: 567 daAuts

Table legend:
 A = Non-vault XP
 B = Vault XP
 C = Vault XP percentage of total XP
 D = Non-vault monster count
 E = Vault monster count
 F = Vault count percentage of total count
                 A         B        C        D         E       F
            +---------+---------+-------+---------+---------+-------
      Total |     750 |     110 |  12.8 |      91 |       9 |   9.0
            +---------+---------+-------+---------+---------+-------
        D:1 |      38 |       7 |  15.6 |      23 |       4 |  14.8
        D:2 |      29 |       2 |   6.5 |      15 |       1 |   6.2
        D:3 |      42 |       7 |  14.3 |      12 |       3 |  20.0
        D:4 |     162 |      94 |  36.7 |      20 |       1 |   4.8
        D:5 |     479 |       0 |   0.0 |      21 |       0 |   0.0
            +---------+---------+-------+---------+---------+-------
